 Dungeon Crawl Stone Soup version 0.30.1-3-gfc49f6343a (webtiles) character file.

Game seed: 16055676910163160822

409567 zfabert001 the Warrior (level 23, -6/229 (236) HPs)
             Began as a Naga Fighter on Aug 2, 2023.
             Was a High Priest of Okawaru.
             Killed from afar by a deep elf death mage (21 damage)
             ... with a bolt of negative energy
             ... on level 4 of the Vaults on Aug 4, 2023.
             The game lasted 05:05:03 (57526 turns).

zfabert001 the Warrior (Naga Fighter)              Turns: 57526, Time: 05:05:03

HP:   -6/229 (236)  AC: 49    Str: 33    XL:     23   Next: 47%
MP:   31/37         EV: 20    Int: 14    God:    Okawaru [*****.]
Gold: 4183          SH: 23    Dex: 10    Spells: 22/22 levels left

rFire   + . .        b - +12 lance "Wyrmbane" {slay drac, rPois rF+ rC+ AC+3}
rCold   + + .        f - +3 tower shield {AC+3}
rNeg    . . .        m - +8 chain mail of Liberty {rPois Int+3 Stlth+}
rPois   +            p - +0 helmet {Int+3}
rElec   +            y - +2 cloak {Will+}
rCorr   .            D - +1 pair of gloves of Dogmatism {Harm Rampage rElec}
SInv    +            u - +2 barding of Summer {+Blink +Inv Int+3}
Will    +++..        g - amulet "Omuczamn" {rC+ Regen+ MP+9}
Stlth   +++++++      h - ring of the Blind Eye {rElec Str+5 Int-4 Slay+4}
HPRegen 1.38/turn    A - ring of the Hare {EV+10}
MPRegen 0.25/turn

%: harm (+30% outgoing, +20% incoming), clarity, rampage
@: about to teleport, heroic, finesse-ful, studying Long Blades, lightly
drained, unable to drink, very slow
A: AC +7, large, see invisible, deformed body, poison resistance, slowness 2,
spit poison 1, naga tail 2, clarity, clumsy 1, inability to drink after injury 2
}: 2/15 runes: serpentine, barnacled
a: Spit Poison, Renounce Religion, Evoke Blink, Evoke Invisibility, Heroism,
Finesse, Duel


You were on level 4 of the Vaults.
You worshipped Okawaru.
Okawaru was extremely pleased with you.
You visited 8 branches of the dungeon, and saw 39 of its levels.
You visited the Abyss 1 time.
You visited 2 bazaars.
You also visited: Sewer, Bailey, Ice Cave and Wizlab.

You collected 6584 gold pieces.
You spent 2401 gold pieces at shops.

Inventory:

Hand Weapons
 b - the +12 lance "Wyrmbane" (weapon) {slay drac, rPois rF+ rC+ AC+3}
   (You took it off Maggie on level 9 of the Dungeon)

   AC:        It affects your AC (+3).
   rF:        It protects you from fire.
   rC:        It protects you from cold.
   rPois:     It protects you from poison.
Missiles
 v - 36 boomerangs
 x - 4 silver boomerangs
 H - 9 throwing nets
 M - 10 curare-tipped darts
 N - 8 datura-tipped darts (quivered)
 Q - 42 javelins
 T - 5 boomerangs of dispersal
 W - 21 silver javelins
 X - 109 poisoned darts
 Y - 26 atropa-tipped darts
Armour
 f - a +3 tower shield of protection (worn)
 m - the +8 chain mail of Liberty (worn) {rPois Int+3 Stlth+}
   (You found it on level 2 of the Lair of Beasts)

   Int:       It affects your intelligence (+3).
   rPois:     It protects you from poison.
   Stlth:     It makes you more stealthy.
 p - a +0 helmet of intelligence (worn)
 u - the +2 barding of Summer (worn) {+Blink +Inv Int+3}
   (Okawaru gifted it to you on level 15 of the Dungeon)

   Int:       It affects your intelligence (+3).
   +Inv:      It lets you turn invisible.
   +Blink:    It lets you blink.
 y - a +2 cloak of willpower (worn)
 D - the +1 pair of gloves of Dogmatism (worn) {Harm Rampage rElec}
   (You bought it in a shop on level 2 of the Orcish Mines)

   rElec:     It insulates you from electricity.
   Harm:      It increases damage dealt and taken.
   Rampage:   It bestows one free step when moving towards enemies.
Jewellery
 g - the amulet "Omuczamn" (around neck) {rC+ Regen+ MP+9}
   (You found it in a wizard's laboratory)

   [amulet of regeneration]

   rC:        It protects you from cold.
   MP:        It affects your magic capacity (+9).
   Regen:     It increases your rate of health regeneration.
 h - the ring of the Blind Eye (left hand) {rElec Str+5 Int-4 Slay+4}
   (You found it on level 3 of the Vaults)

   [ring of slaying]

   Str:       It affects your strength (+5).
   Int:       It affects your intelligence (-4).
   Slay:      It affects your accuracy & damage with ranged weapons and melee
   (+4).
   rElec:     It insulates you from electricity.
 s - the amulet of Limitation {Contam Harm Regen+ Str+3}
   (You took it off a deep elf demonologist on level 3 of the Elven Halls)

   [amulet of regeneration]

   Str:       It affects your strength (+3).
   Contam:    It causes magical contamination when unequipped.
   Regen:     It increases your rate of health regeneration.
   Harm:      It increases damage dealt and taken.
 A - the ring of the Hare (right hand) {EV+10}
   (You took it off a deep elf elementalist on level 3 of the Elven Halls)

   [ring of evasion]

   EV:        It affects your evasion (+10).
 Z - the ring "Zojovoi" {rN+ EV+5}
   (You bought it in a shop on level 10 of the Dungeon)

   [ring of evasion]

   EV:        It affects your evasion (+5).
   rN:        It protects you from negative energy.
Wands
 c - a wand of digging (6)
 t - a wand of flame (69)
 w - a wand of roots (45)
Scrolls
 a - 6 scrolls of blinking
 i - a scroll of immolation
 k - 11 scrolls of fog
 F - 15 scrolls of teleportation
 I - 6 scrolls of magic mapping
 K - 23 scrolls of identify
 O - 15 scrolls of poison
 P - 4 scrolls of silence
 V - 9 scrolls of fear
Potions
 e - 5 potions of ambrosia
 j - 6 potions of attraction
 l - a potion of might
 n - 10 potions of heal wounds
 o - 14 potions of curing
 q - 18 potions of mutation
 r - 4 potions of cancellation
 z - 13 potions of flight
 B - 8 potions of magic
 C - 8 potions of haste
 G - 3 potions of berserk rage
 J - 2 potions of resistance
 U - 4 potions of invisibility


   Skills:
 + Level 20.2(25.2) Fighting
 + Level 19.9(24.9) Polearms
 + Level 13.3(18.3) Throwing
 - Level 13.0(18.0) Armour
 - Level 12.0(17.0) Dodging
 + Level 20.1(25.1) Stealth
 - Level 15.0(20.0) Shields
 - Level 7.0 Invocations


You had 22 spell levels left.
You didn't know any spells.
Your spell library contained the following spells:

 Spells                   Type           Power      Damage    Failure   Level
 Freeze                   Ice            0%         1d3       69%         1
 Kiss of Death            Conj/Necr      0%         2d5       69%         1
 Magic Dart               Conj           0%         1d3       69%         1
 Necrotise                Necr           0%         1d4       69%         1
 Shock                    Conj/Air       0%         1d3       69%         1
 Ensorcelled Hibernation  Hex/Ice        0%         N/A       83%         2
 Passwall                 Tmut/Erth      0%         N/A       83%         2
 Searing Ray              Conj           0%         2d4       83%         2
 Static Discharge         Conj/Air       0%         2-2/arc   83%         2
 Sublimation of Blood     Necr           0%         N/A       83%         2
 Wereblood                Tmut           0%         N/A       83%         2
 Confusing Touch          Hex            0%         N/A       96%         3
 Frozen Ramparts          Ice            0%         1d1       96%         3
 Gell's Gravitas          Tloc           0%         N/A       96%         3
 Hailstorm                Conj/Ice       0%         3d3       96%         3
 Inner Flame              Hex/Fire       0%         N/A       96%         3
 Portal Projectile        Hex/Tloc       0%         N/A       96%         3
 Spider Form              Tmut/Pois      0%         N/A       96%         3
 Swiftness                Air            0%         N/A       96%         3
 Teleport Other           Tloc           0%         N/A       96%         3
 Vhi's Electric Charge    Tloc/Air       0%         N/A       96%         3
 Airstrike                Air            0%         2d(0-16)  100%        4
 Dispel Undead            Necr           0%         3d6       100%        4
 Fulminant Prism          Conj/Hex       0%         3d5       100%        4
 Ice Form                 Ice/Tmut       0%         N/A       100%        4
 Leda's Liquefaction      Hex/Erth       0%         N/A       100%        4
 Passage of Golubria      Tloc           0%         N/A       100%        4
 Alistair's Intoxication  Tmut/Pois      0%         N/A       100%        5
 Arcjolt                  Conj/Air       0%         1d10      100%        5
 Blade Hands              Tmut           0%         N/A       100%        5
 Irradiate                Conj/Tmut      0%         3d11      100%        5
 Yara's Violent Unravell  Hex/Tmut       0%         3d3       100%        5
 Conjure Ball Lightning   Conj/Air       0%         3x3d6     100%        6
 Dispersal                Tloc           0%         N/A       100%        6
 Eringya's Noxious Bog    Tmut/Pois      0%         N/A       100%        6
 Iron Shot                Conj/Erth      0%         9d1       100%        6
 Plasma Beam              Fire/Air       0%         2x1d11    100%        6
 Dragon Form              Tmut           0%         N/A       100%        7
 Enfeeble                 Hex            0%         N/A       100%        7
 Ozocubu's Refrigeration  Ice            0%         4d7       100%        7
 Borgnjor's Revivificati  Necr           0%         N/A       100%        8
 Discord                  Hex            0%         N/A       100%        8
 Disjunction              Tloc           0%         N/A       100%        8
 Necromutation            Tmut/Necr      0%         N/A       100%        8
 Summon Small Mammal      Summ           Unusable   N/A       N/A         1
 Call Canine Familiar     Summ           Unusable   N/A       N/A         3
 Summon Guardian Golem    Hex/Summ       Unusable   N/A       N/A         3
 Tukima's Dance           Hex            Unusable   N/A       N/A         3
 Animate Armour           Summ/Erth      Unusable   N/A       N/A         4
 Animate Dead             Necr           Unusable   N/A       N/A         4
 Summon Lightning Spire   Summ/Air       Unusable   N/A       N/A         4
 Summon Mana Viper        Hex/Summ       Unusable   N/A       N/A         5
 Simulacrum               Ice/Necr       Unusable   N/A       N/A         6
 Summon Hydra             Summ           Unusable   N/A       N/A         7

Dungeon Overview and Level Annotations

Branches:
Dungeon (15/15)            Temple (1/1) D:6            Lair (5/5) D:10
 Shoals (4/4) Lair:2        Snake (4/4) Lair:3        Slime (0/5) Lair:4
    Orc (2/2) D:10            Elf (3/3) Orc:2        Vaults (5/5) D:14
  Crypt (0/3) Vaults:2     Depths (0/4) D:15          Sewer (visited)
 Bailey (visited)           IceCv (visited)          WizLab (visited)

Altars:
Cheibriados
Dithmenos
Fedhas
Hepliaklqana
Kikubaaqudgha
Makhleb
Okawaru
Qazlal
Ru
Sif Muna
Trog
Uskayaw
Wu Jian
Xom
Yredelemnul
Zin
The Shining One
Jiyva

Shops:
D:5 [   D:8 *   D:10 [[[*   D:15 *   Orc:2 [[(!:   Elf:2 *!   Elf:3 *
Shoals:2 *   Snake:3 :=:   Snake:4 *:?   Vaults:1 [   Vaults:3 =

Portals:
Trove: D:13 (give +4 fire dragon scales)

Annotations:
D:7 1 runed translucent door, Plommelars's ghost, novice MiBe


Innate Abilities, Weirdness & Mutations

Your serpentine skin is tough. (AC +7)
You have supernaturally acute eyesight. (SInv)
Armour fits poorly on your strangely shaped body.
Your system is resistant to poisons. (rPois)
You cover ground very slowly.
You can spit poison.
You can use your snake-like lower body to constrict enemies.
You possess an exceptional clarity of mind.
You are clumsy. (Dex -2)
You sometimes lose the ability to drink potions when taking damage.


Message History

* * * LOW HITPOINT WARNING * * *
You gain the combat prowess of a mighty hero.
You block the quicksilver dragon's attack.
The quicksilver dragon closely misses you.
You block the quicksilver dragon's attack. x2
You can now deal lightning-fast blows.
The quicksilver dragon misses you.
You block the quicksilver dragon's attack.
You hit the quicksilver dragon.
The quicksilver dragon convulses.
The quicksilver dragon is moderately wounded.
You block the quicksilver dragon's attack.
The quicksilver dragon claws you but does no damage.
You closely miss the quicksilver dragon.
The quicksilver dragon is moderately wounded.
You hit the quicksilver dragon.
The quicksilver dragon convulses!
The quicksilver dragon is heavily wounded.
The quicksilver dragon completely misses you.
The quicksilver dragon claws you.
* * * LOW HITPOINT WARNING * * *
You puncture the quicksilver dragon!
The quicksilver dragon convulses!!
You kill the quicksilver dragon!
Okawaru accepts your kill.
The lance glows as it skewers the quicksilver dragon.
Reach: b) +12 lance "Wyrmbane" {slay drac, rPois rF+ rC+ AC+3}
Press: ? - help, Dir - move target, f - deep elf death mage
Aim: a deep elf death mage, wielding a +0 rapier (about 22% to evade the +12 lance "Wyrmbane")
You reach to attack!
You closely miss the deep elf death mage.
The titan waves its arms in wide circles.
The air twists around and strikes you!
* * * LOW HITPOINT WARNING * * *
You stick the deep elf death mage like a pincushion!!!
You grab the deep elf death mage.
The deep elf death mage is severely wounded.
You constrict the deep elf death mage.
As you read the scroll of teleportation, it crumbles to dust.
You feel strangely unstable.
You constrict the deep elf death mage!
The deep elf death mage points at you and mumbles some strange words.
The bolt of negative energy hits you!!
You feel drained.
You die...

##### ##..#.[#.#..#..###......#
#...'...#"..'.<.#####''##
##..#..#.#..#..##......#
##.#.#...#.#.###......#
#.###.....###.##......#
#..####'####..##......#
#...#.....#...##......#
#....#...#....##......#
#######@############### #######
####e## ####### #.....###
###..CC.### ###.....###
........###.........###.........#
.........#........(..#[..........
.........[.......>...'...........
.........#...........#[..........
........###.........###.........#
#.....### ###.....### ###.....###


You could see a titan, a fire giant and a deep elf death mage.

Vanquished Creatures
  Sojobo (Vaults:4)
  Vashnia (Snake:3)
  Nikola (Shoals:1)
  A mutant beast (WizLab)
  Jorgrun (Orc:2)
  A tentacled monstrosity (Vaults:5)
  The ghost of Sianeop the Warrior, an adept GrFi of Cheibriados (Vaults:3)
  Mlioglotl (Shoals:3)
  3 deep elf blademasters (Elf:3)
  3 titans
  A quicksilver dragon (Vaults:4)
  2 krakens
  3 deep elf master archers (Elf:3)
  2 tentacled starspawn (Abyss:2)
  5 tengu reavers
  2 sphinxes
  A storm dragon (Vaults:4)
  Donald (Orc:2)
  4 nagarajas
  6 vault wardens
  4 frost giants
  7 deep elf sorcerers
  7 deep elf elementalists (Elf:3)
  An orc warlord (Vaults:4)
  2 ironbound thunderhulks
  14 ironbound preservers
  12 very ugly things
  4 stone giants
  2 deep elf demonologists (Elf:3)
  A vampire knight (Vaults:2)
  7 deep elf annihilators
  A dire elephant (Vaults:2)
  The ghost of HunfridMar the Eclecticist, a journeyman DECj of Vehumet (Lair:4)
  11 merfolk javelineers
  The ghost of Atelerd the Covert, a journeyman OpEE of Sif Muna (Lair:3)
  2 ettins
  2 entropy weavers (shapeshifter) (WizLab)
  6 deep elf death magi
  An entropy weaver (Vaults:5)
  10 merfolk impalers
  7 great orbs of eyes
  5 deep elf high priests
  9 yaktaur captains
  9 hydras
  A rakshasa (Abyss:2)
  8 ironbound frosthearts
  Erolcha (D:10)
  24 vault guards (Vaults:5)
  3 salamander tyrants
  4 ogre magi (Orc:2)
  2 merfolk avatars (Shoals:4)
  23 centaur warriors
  A catoblepas (Lair:5)
  11 anacondas
  5 boulder beetles
  22 dancing weapons
  13 naga warriors
  A satyr (shapeshifter) (D:15)
  3 alligator snapping turtles
  27 two-headed ogres
  A deep troll earth mage (Vaults:5)
  2 tengu warriors
  13 death yaks
  4 merfolk aquamancers
  5 satyrs
  17 naga sharpshooters
  2 thrashing horrors (Abyss:2)
  2 orc high priests
  6 shock serpents
  A titan zombie (Vaults:4)
  5 hell knights
  A sun demon (Abyss:2)
  Urug (Orc:2)
  2 skysharks
  Amaemon (Lair:2)
  20 deep elf knights
  A wretched star (Abyss:2)
  9 skeletal warriors
  3 fire crabs (shapeshifter) (WizLab)
  5 salamander mystics
  11 sea snakes
  20 harpies
  32 deep trolls
  11 wizards
  8 deep elf archers
  A glowing orange brain (Vaults:4)
  5 naga ritualists
  A quicksilver dragon simulacrum (Vaults:2)
  A tengu zombie (Vaults:1)
  16 ironbound convokers
  A lindwurm (shapeshifter) (WizLab)
  10 necromancers
  A sphinx zombie (Vaults:4)
  A steelbarb worm (shapeshifter) (WizLab)
  2 phantasmal warriors (Vaults:5)
  4 lindwurms
  4 orc knights
  5 mana vipers
  28 deep elf zephyrmancers
  3 oklob plants (Lair:5)
  24 deep elf pyromancers
  A harpy (shapeshifter) (Elf:2)
  44 ugly things
  A shining eye (shapeshifter) (D:9)
  15 manticores
  A salamander (shapeshifter) (WizLab)
  A stone giant zombie (Vaults:4)
  2 orc sorcerers
  A tengu skeleton (Vaults:1)
  10 cyclopes
  16 fauns
  A moth of wrath (shapeshifter) (WizLab)
  4 elephants (Lair:4)
  16 salamanders
  7 merfolk sirens
  20 naga magi
  5 guardian serpents
  An ice statue (IceCv)
  27 black mambas
  6 water nymphs
  A black mamba (shapeshifter) (WizLab)
  A guardian serpent (shapeshifter) (WizLab)
  An eye of devastation (Lair:4)
  3 gargoyles (D:12)
  8 cane toads
  17 vault sentinels
  An orange demon (Lair:2)
  2 unseen horrors
  2 torpor snails
  13 komodo dragons
  A rime drake (Lair:5)
  A yaktaur zombie (Vaults:1)
  30 yaktaurs
  An unseen horror (shapeshifter) (Vaults:4)
  2 anaconda simulacra (IceCv)
  Maggie (D:9)
  2 kobold demonologists
  2 tengu conjurers
  A rime drake (shapeshifter) (WizLab)
  2 freezing wraiths
  A komodo dragon (shapeshifter) (WizLab)
  15 ice devils
  4 elf skeletons
  A tormentor (Abyss:2)
  An efreet (Abyss:2)
  An ancient zyme (Abyss:2)
  18 wind drakes
  35 merfolk
  8 polar bears
  A meliai (shapeshifter) (WizLab)
  2 trolls (shapeshifter) (WizLab)
  10 trolls
  9 blink frogs
  Prince Ribbit (D:4)
  A wind drake (shapeshifter) (WizLab)
  A raiju (shapeshifter) (WizLab)
  An elf zombie (Vaults:4)
  3 hornets
  A tarantella (shapeshifter) (WizLab)
  Grinder (Sewer)
  2 raiju (Abyss:2)
  25 dream sheep
  12 snapping turtles
  25 slime creatures
  3 human simulacra (Vaults:1)
  A stone giant simulacrum (Vaults:4)
  2 jumping spiders (shapeshifter) (WizLab)
  28 water elementals
  11 spriggans (Lair:5)
  A dire elephant simulacrum (IceCv)
  7 air elementals
  A shadow (D:10)
  2 wraiths
  5 humans
  6 vampires
  63 yaks
  3 fire elementals
  The ghost of Heoruswealwe the Trooper, an amateur DgFi (D:3)
  A yak (shapeshifter) (WizLab)
  4 hogs (shapeshifter)
  6 basilisks
  4 wyverns
  3 golden eyes (shapeshifter) (WizLab)
  4 death yak simulacra (IceCv)
  10 large abominations
  2 steam dragons
  3 vampire mosquitoes (D:14)
  2 wargs
  A glowing shapeshifter zombie (Vaults:2)
  4 acid dragons
  45 nagas
  An iron golem (WizLab)
  2 harpy simulacra (IceCv)
  A floating eye (shapeshifter) (Vaults:1)
  16 water moccasins
  3 hydra simulacra (IceCv)
  6 floating eyes
  19 orc warriors
  A black bear (shapeshifter) (WizLab)
  An ice beast (D:6)
  7 black bears
  3 human skeletons
  8 boggarts
  A human zombie (Vaults:4)
  36 ogres
  3 centaurs
  27 wolves
  9 bullfrogs
  6 small abominations (WizLab)
  10 kobold brigands
  8 cane toad simulacra (IceCv)
  2 gnoll sergeants
  A two-headed ogre simulacrum (IceCv)
  4 earth elementals
  A glowing shapeshifter simulacrum (Vaults:1)
  10 wights
  3 elephant simulacra (IceCv)
  16 killer bees
  2 electric eels (D:7)
  11 howler monkeys
  5 quasits
  6 hounds
  A jelly (D:4)
  19 orc priests
  2 gnoll boudas
  2 iguanas
  15 orc wizards
  3 polar bear simulacra (IceCv)
  2 spriggan simulacra (IceCv)
  A killer bee zombie (D:9)
  2 wolf simulacra (IceCv)
  A howler monkey zombie (D:9)
  23 gnolls
  8 adders
  A river rat (D:10)
  7 shadow imps
  2 white imps
  7 ufetubi
  3 worms
  65 orcs
  9 ball pythons
  5 endoplasms
  6 giant cockroaches
  7 goblins
  11 hobgoblins
  6 jackals
  55 kobolds
  4 quokkas
  9 bats
  4 frilled lizards
  9 kobold skeletons (D:11)
  9 kobold zombies (D:11)
  3 rats
  2 tentacles (Shoals:3)
1811 creatures vanquished.

Vanquished Creatures (others)
  A merfolk (Shoals:1)
  2 water elementals
  A boggart (D:15)
  A bat zombie (Sewer)
  A kobold zombie (Sewer)
  6 starspawn tentacles (Abyss:2)
  8 tentacles
20 creatures vanquished.

Grand Total: 1831 creatures vanquished

Notes
Turn   | Place    | Note
-------+----------+-------------------------------------------
     0 | D:1      | zfabert001 the Naga Fighter began the quest for the Orb.
     0 | D:1      | Reached XP level 1. HP: 21/21 MP: 1/1
    81 | D:1      | Reached XP level 2. HP: 24/28 MP: 2/2
   909 | D:2      | Reached XP level 3. HP: 18/34 MP: 3/3
  1412 | D:2      | Reached XP level 4. HP: 32/43 MP: 4/4
  1563 | D:2      | Identified the ring "Mepo" {rC++ AC+4 Int-4}
  1849 | D:3      | Found a transporter.
  1853 | D:3      | Noticed Heoruswealwe's ghost (amateur DgFi)
  1922 | D:3      | You fall into a shaft and drop 2 floors!
  1922 | D:5      | Entered Level 5 of the Dungeon
  1959 | D:4      | Noticed an ogre
  1968 | D:4      | Reached XP level 5. HP: 35/50 MP: 5/5
  1971 | D:4      | Killed an ogre
  1972 | D:4      | Reached skill level 1 in Stealth
  1972 | D:4      | Reached XP level 6. HP: 38/57 MP: 6/6
  2223 | D:4      | Reached skill level 1 in Dodging
  2305 | D:4      | Reached XP level 7. HP: 32/64 MP: 7/7
  2502 | D:4      | Found a glowing drain.
  2506 | Sewer    | Entered a sewer
  2836 | Sewer    | Noticed Grinder
  3013 | Sewer    | Paralysed by Grinder for 5 turns
  3168 | Sewer    | Paralysed by Grinder for 5 turns
  3192 | Sewer    | Paralysed by Grinder for 3 turns
  3200 | Sewer    | Paralysed by Grinder for 2 turns
  3209 | Sewer    | Killed Grinder
  3210 | Sewer    | Reached skill level 5 in Polearms
  3299 | Sewer    | Reached skill level 5 in Fighting
  3334 | Sewer    | Found a burning altar of Makhleb.
  3590 | D:4      | Reached XP level 8. HP: 73/74 MP: 8/8
  4167 | D:3      | Found a transporter.
  4578 | D:5      | Noticed Prince Ribbit
  4588 | D:4      | Killed Prince Ribbit
  4931 | D:5      | Found Xesamurcho's Armour Shop.
  4943 | D:5      | Bought a +0 pair of gloves for 67 gold pieces
  5550 | D:6      | Reached skill level 5 in Shields
  5639 | D:6      | Noticed a +0 hand axe
  5640 | D:6      | Found a hide-covered altar of Uskayaw.
  5640 | D:6      | Noticed a +0 hand axe
  5646 | D:6      | Found a staircase to the Ecumenical Temple.
  5708 | D:6      | Found a glowing silver altar of Zin.
  5716 | D:6      | Found a shimmering blue altar of Sif Muna.
  5759 | Temple   | Entered the Ecumenical Temple
  5847 | Temple   | Became a worshipper of Warmaster Okawaru
  6038 | D:6      | Found a snail-covered altar of Cheibriados.
  6154 | D:6      | Reached skill level 5 in Armour
  6157 | D:6      | Reached XP level 9. HP: 63/82 MP: 9/9
  6816 | D:7      | Reached * piety under Okawaru
  7613 | D:7      | Found a runed translucent door.
  7726 | D:7      | Noticed Plommelars's ghost (novice MiBe)
  8012 | D:3      | Killed Heoruswealwe's ghost
  8289 | D:8      | Found a glowing golden altar of the Shining One.
  8314 | D:8      | Found a hazy altar of Hepliaklqana.
  8317 | D:8      | Found a bloodstained altar of Trog.
  8342 | D:8      | Found a stormy altar of Qazlal.
  8483 | D:8      | Found a shimmering altar of Xom.
  8649 | D:8      | Found Nocykunk's General Store.
  8662 | D:8      | Bought a scroll of identify for 30 gold pieces
  8662 | D:8      | Bought a scroll of magic mapping for 112 gold pieces
  8662 | D:8      | Bought a potion of heal wounds for 75 gold pieces
  8982 | D:9      | Reached ** piety under Okawaru
  8983 | D:9      | Reached XP level 10. HP: 83/94 MP: 10/10
  9098 | D:9      | Found a flagged portal.
  9156 | Bailey   | Entered a bailey
  9419 | Bailey   | Reached *** piety under Okawaru
  9540 | D:9      | Noticed a kobold demonologist
  9540 | D:9      | Noticed a cyclops
  9540 | D:9      | Noticed a brown ugly thing
  9568 | D:9      | Killed a kobold demonologist
  9568 | D:9      | Noticed a manticore
  9580 | D:9      | Killed a cyclops
  9584 | D:9      | Noticed a centaur warrior
  9895 | D:9      | Reached **** piety under Okawaru
  9897 | D:9      | Noticed a shining eye
  9909 | D:9      | Killed a shining eye
  9939 | D:9      | Received a gift from Okawaru
  9946 | D:9      | Reached skill level 10 in Polearms
 10106 | D:9      | Noticed a centaur warrior
 10130 | D:9      | HP: 3/96 [centaur warrior/staff of death (10)]
 10135 | D:9      | Killed a centaur warrior
 10136 | D:9      | Reached XP level 11. HP: 4/103 MP: 11/11
 10138 | D:9      | HP: 3/103 [bullfrog (1)]
 10448 | D:9      | Killed a manticore
 10743 | D:9      | Got the Book of Accompaniment and Bewitchment
 10999 | D:9      | Noticed a two-headed ogre
 11016 | D:9      | Killed a two-headed ogre
 11016 | D:9      | Reached ***** piety under Okawaru
 11265 | D:9      | Identified the staff of earth "Jasedang" {rC+ rN+ Str-5
                  | SInv}
 11278 | D:9      | Killed a centaur warrior
 11311 | D:9      | Noticed Maggie
 11345 | D:9      | Killed Maggie
 11345 | D:9      | Received a gift from Okawaru
 11572 | D:9      | Noticed a cyclops
 11612 | D:9      | HP: 1/104 [acid (8)]
 11942 | D:9      | Killed a brown ugly thing
 11946 | D:9      | Killed a cyclops
 12109 | D:9      | Found a basalt altar of Yredelemnul.
 12166 | D:10     | Entered Level 10 of the Dungeon
 12168 | D:10     | Found Ecausyck's Armour Boutique.
 12262 | D:10     | Found Utohadel's Armour Emporium.
 12264 | D:10     | Noticed a death yak
 12273 | D:10     | Noticed a death yak
 12292 | D:10     | Killed a death yak
 12305 | D:10     | Noticed a death yak
 12309 | D:10     | Killed a death yak
 12328 | D:10     | Killed a death yak
 12534 | D:10     | Bought a +0 helmet of intelligence for 172 gold pieces
 12542 | D:10     | Found a staircase to the Lair.
 12655 | D:10     | Found Toyruhad's Armour Boutique.
 12744 | D:10     | Noticed a two-headed ogre
 12758 | D:10     | Killed a two-headed ogre
 12758 | D:10     | Identified the +1 spear of Toanen {heavy, Dex+3 SInv}
                  | (Okawaru gifted it to you on level 10 of the Dungeon)
 12758 | D:10     | Received a gift from Okawaru
 12759 | D:10     | Reached XP level 12. HP: 66/116 MP: 12/12
 12945 | D:10     | Noticed Erolcha
 13077 | D:10     | Found a staircase to the Orcish Mines.
 13084 | D:10     | Killed Erolcha
 13129 | D:10     | Found Huget's Assorted Antiques.
 13142 | D:10     | Bought a smoking granite ring for 160 gold pieces
 13142 | D:10     | Identified the ring "Zojovoi" {rN+ EV+5} (You bought it in
                  | a shop on level 10 of the Dungeon)
 13205 | Lair:1   | Entered Level 1 of the Lair of Beasts
 13210 | Lair:1   | Reached skill level 10 in Fighting
 13805 | Lair:1   | Identified the +8 rapier of Parphei Loam {antimagic, rCorr}
 14677 | D:10     | Identified the orb of Zin's Inspiration {guile, MP-9 Dex+7}
 15097 | D:11     | Noticed a two-headed ogre
 15115 | D:11     | Killed a two-headed ogre
 15380 | D:11     | Found an ancient bone altar of Kikubaaqudgha.
 15413 | D:11     | Reached skill level 5 in Dodging
 15553 | D:11     | Noticed a two-headed ogre
 15565 | D:11     | Killed a two-headed ogre
 15652 | D:11     | Reached ****** piety under Okawaru
 15924 | D:11     | Noticed a two-headed ogre
 15938 | D:11     | Killed a two-headed ogre
 16317 | D:12     | Noticed a two-headed ogre
 16329 | D:12     | Killed a two-headed ogre
 16329 | D:12     | Identified the +0 barding "Kein" {-Cast rC- rCorr Dex+7}
                  | (Okawaru gifted it to you on level 12 of the Dungeon)
 16329 | D:12     | Received a gift from Okawaru
 16330 | D:12     | Gained mutation: You can use your snake-like lower body to
                  | constrict enemies. [Naga growth]
 16330 | D:12     | Reached XP level 13. HP: 80/127 MP: 13/13
 16485 | D:12     | Identified the +3 buckler of Dice, Bag, and Bottle {Harm
                  | Will- Dex+6 Slay-5}
 16869 | D:12     | Found the +8 demon blade "Leech" {evervamp, Harm Drain rN+}
 17685 | D:13     | Found a portal to a secret trove of treasure.
 17847 | D:13     | Received a gift from Okawaru
 18275 | Lair:2   | Noticed Amaemon
 18293 | Lair:2   | Killed Amaemon
 18405 | Lair:2   | Reached skill level 1 in Invocations
 18425 | Lair:2   | Reached skill level 10 in Shields
 18582 | Lair:2   | Identified the +8 chain mail of Liberty {rPois Int+3
                  | Stlth+}
 18612 | Lair:2   | Reached XP level 14. HP: 132/141 MP: 15/15
 18945 | Lair:2   | Found a staircase to the Shoals.
 19165 | Lair:3   | Found a runed translucent gate.
 19165 | Lair:3   | Found a runed translucent gate.
 19167 | Lair:3   | Found a runed translucent gate.
 19195 | Lair:3   | Noticed Atelerd's ghost (journeyman OpEE)
 19240 | Lair:3   | Found a frozen archway.
 19262 | IceCv    | Entered an ice cave
 19507 | IceCv    | Got the Elucidation of the Morbid Glacier
 20173 | IceCv    | Found an ancient bone altar of Kikubaaqudgha.
 20210 | IceCv    | Received a gift from Okawaru
 20614 | Lair:3   | Found an iron altar of Okawaru.
 20712 | Lair:3   | Found a staircase to the Snake Pit.
 21226 | Lair:4   | Received a gift from Okawaru
 21309 | Lair:4   | Reached skill level 10 in Armour
 21360 | Lair:4   | Found a viscous altar of Jiyva.
 21374 | Lair:4   | Paralysed by a floating eye for 4 turns
 21396 | Lair:4   | Found a staircase to the Slime Pits.
 21773 | Lair:4   | Found a large runed translucent door.
 21773 | Lair:4   | Found a large runed translucent door.
 21779 | Lair:4   | Noticed HunfridMar's ghost (journeyman DECj)
 21916 | Lair:4   | Identified the ring of the Red Skies {Fire rN++ Stlth+}
 22011 | Lair:4   | You fall into a shaft and drop 1 floor!
 22011 | Lair:5   | Entered Level 5 of the Lair of Beasts
 22044 | Lair:5   | Reached skill level 5 in Invocations
 22122 | Lair:5   | Reached XP level 15. HP: 152/152 MP: 18/18
 22701 | Lair:4   | Killed HunfridMar's ghost
 22920 | Lair:5   | Received a gift from Okawaru
 23488 | Lair:5   | Received a gift from Okawaru
 24404 | D:13     | Reached skill level 15 in Fighting
 24636 | D:13     | Reached skill level 1 in Throwing
 25106 | D:14     | Identified the +2 leather armour of Catatonia {Str+2 Int+2}
 25196 | D:14     | Identified a scroll of acquirement
 25197 | D:14     | Acquired 673 gold pieces
 25416 | D:14     | Found a glowing silver altar of Zin.
 25416 | D:14     | Noticed an angel
 26324 | D:14     | Received a gift from Okawaru
 26375 | D:14     | Found a gate to the Vaults.
 26384 | D:14     | Reached XP level 16. HP: 139/163 MP: 19/19
 26384 | Abyss:2  | Cast into level 2 of the Abyss (a wizard)
 26433 | Abyss:2  | Received a gift from Okawaru
 26449 | Abyss:2  | Noticed a tentacled starspawn
 26463 | Abyss:2  | Killed a tentacled starspawn
 26592 | Abyss:2  | Found a corrupted altar of Lugonu.
 26624 | Abyss:2  | Noticed a tentacled starspawn
 26649 | Abyss:2  | Killed a tentacled starspawn
 26735 | Abyss:2  | Noticed an Executioner
 26762 | D:14     | Escaped the Abyss
 26774 | D:14     | Reached skill level 15 in Polearms
 27347 | D:15     | Entered Level 15 of the Dungeon
 27366 | D:15     | Identified the +2 barding of Summer {+Blink +Inv Int+3}
                  | (Okawaru gifted it to you on level 15 of the Dungeon)
 27366 | D:15     | Received a gift from Okawaru
 27506 | D:15     | Reached skill level 5 in Stealth
 27552 | D:15     | Found a sacrificial altar of Ru.
 27580 | D:15     | Identified the staff of death "Ziujohau" {Fly rN+}
 28111 | D:15     | Found a staircase to the Depths.
 28309 | D:15     | Found Zoagyd's Assorted Antiques.
 28759 | Orc:1    | Entered Level 1 of the Orcish Mines
 29048 | Orc:2    | Entered Level 2 of the Orcish Mines
 29144 | Orc:2    | Found Umau's Book Shoppe.
 29170 | Orc:2    | Noticed Urug
 29182 | Orc:2    | Killed Urug
 29207 | Orc:2    | Noticed Donald
 29232 | Orc:2    | Killed Donald
 29510 | Orc:2    | Found a staircase to the Elven Halls.
 29793 | Orc:2    | Reached skill level 5 in Throwing
 29822 | Orc:2    | Identified the +2 ring mail of Okawaru's Pride {rPois Str+6
                  | Dex+2} (Okawaru gifted it to you on level 2 of the Orcish
                  | Mines)
 29822 | Orc:2    | Received a gift from Okawaru
 29926 | Orc:2    | Noticed Jorgrun
 29948 | Orc:2    | Killed Jorgrun
 29949 | Orc:2    | Reached XP level 17. HP: 54/172 MP: 12/20
 30392 | Orc:2    | Found Laigruil's Distillery.
 30392 | Orc:2    | Found Naegut's Antique Weapon Shoppe.
 30393 | Orc:2    | Found Origury's Armour Shoppe.
 30393 | Orc:2    | Found Mazxeps's Armour Shop.
 30591 | Orc:2    | Bought the +1 pair of gloves of Dogmatism {Harm Rampage
                  | rElec} for 282 gold pieces
 30753 | Shoals:1 | Entered Level 1 of the Shoals
 31295 | Shoals:1 | Noticed Nikola
 31332 | Shoals:1 | Killed Nikola
 31346 | Shoals:1 | Reached skill level 10 in Stealth
 31673 | Shoals:1 | Received a gift from Okawaru
 32229 | Shoals:2 | Found Eckacydidi's Gadget Gallery.
 32264 | Shoals:2 | Received a gift from Okawaru
 32559 | Shoals:2 | Received a gift from Okawaru
 32650 | Shoals:2 | Noticed a kraken
 32683 | Shoals:2 | Killed a kraken
 33377 | Shoals:3 | Received a gift from Okawaru
 33432 | Shoals:3 | Reached XP level 18. HP: 164/183 MP: 21/21
 34200 | Shoals:4 | Entered Level 4 of the Shoals
 34207 | Shoals:4 | Reached skill level 10 in Dodging
 34221 | Shoals:4 | Received a gift from Okawaru
 34369 | Shoals:4 | Paralysed by an air elemental for 1 turns
 34458 | Shoals:4 | Received a gift from Okawaru
 34616 | Shoals:4 | Noticed a titan
 34668 | Shoals:4 | Killed a titan
 34704 | Shoals:4 | Got a barnacled rune of Zot
 34705 | Shoals:4 | Identified the staff of conjuration "Yryobb" {rF+ rC-
                  | Str+4}
 34746 | Shoals:4 | Identified the amulet "Paytt" {Faith Rampage Drain rF++
                  | rC+}
 34751 | Shoals:4 | Identified the +1 arbalest "Voekeu Iloin" {antimagic, Will+
                  | SInv}
 35123 | Shoals:4 | Noticed Mlioglotl
 35145 | Shoals:3 | Killed Mlioglotl
 35145 | Shoals:3 | Received a gift from Okawaru
 35511 | Shoals:4 | Found a blossoming altar of Fedhas.
 35654 | Shoals:4 | Paralysed by an air elemental for 1 turns
 36313 | Snake:1  | Entered Level 1 of the Snake Pit
 37588 | Snake:2  | Reached XP level 19. HP: 190/193 MP: 22/22
 37770 | Snake:2  | Identified the +0 plate armour of Lidghiafu {+Inv rCorr
                  | Int-2 Dex+5}
 37841 | Snake:2  | Received a gift from Okawaru
 38165 | Snake:2  | Received a gift from Okawaru
 38794 | Snake:2  | Identified the +6 great sword of Watchfulness {pain, Str+3}
 39318 | Snake:3  | Found a flickering gateway to a bazaar.
 39333 | Snake:3  | Received a gift from Okawaru
 39344 | Bazaar   | Entered a bazaar
 39344 | Bazaar   | Found Ocoyripo's Armour Shoppe.
 39344 | Bazaar   | Found Tidwisa's Jewellery Emporium.
 39347 | Bazaar   | Found Agoon's Magic Scroll Shop.
 39358 | Bazaar   | Bought a scroll of acquirement for 364 gold pieces
 39361 | Bazaar   | Found Riadof's General Store.
 39402 | Bazaar   | Found Uwuechid's Antique Armour Shop.
 39446 | Bazaar   | Bought a scroll of teleportation for 21 gold pieces
 39446 | Bazaar   | Bought a scroll of poison for 28 gold pieces
 39446 | Bazaar   | Bought a scroll of fear for 28 gold pieces
 39446 | Bazaar   | Bought a scroll of blinking for 52 gold pieces
 39459 | Bazaar   | Bought a scroll of teleportation for 33 gold pieces
 39459 | Bazaar   | Bought a scroll of silence for 104 gold pieces
 39459 | Bazaar   | Bought a scroll of silence for 104 gold pieces
 39459 | Bazaar   | Bought a potion of heal wounds for 55 gold pieces
 39459 | Bazaar   | Bought 6 atropa-tipped darts for 59 gold pieces
 39484 | Snake:3  | Found a burning altar of Makhleb.
 39511 | Snake:3  | Found Ydumaif's Book Boutique.
 39513 | Snake:3  | Found Curyok's Jewellery Emporium.
 39514 | Snake:3  | Found Dokhlocoj's Book Boutique.
 40131 | Snake:3  | Noticed Vashnia
 40180 | Snake:3  | Killed Vashnia
 40677 | Snake:4  | Entered Level 4 of the Snake Pit
 40806 | Snake:4  | Received a gift from Okawaru
 40906 | Snake:4  | Received a gift from Okawaru
 41312 | Snake:4  | Found Ugynaxudgh's Magic Scroll Shoppe.
 41312 | Snake:4  | Found Futem's Book Emporium.
 41316 | Snake:4  | Found Jaheb's Assorted Antiques.
 41938 | Snake:4  | Received a gift from Okawaru
 41939 | Snake:4  | Acquired 746 gold pieces
 42052 | Snake:4  | Got a serpentine rune of Zot
 43050 | Vaults:1 | Entered Level 1 of the Vaults
 43181 | Vaults:1 | Reached XP level 20. HP: 204/204 MP: 25/25
 43280 | Vaults:1 | Found Gaos's Armour Shoppe.
 43373 | Vaults:1 | Found a flickering gateway to a bazaar.
 43383 | Bazaar   | Entered a bazaar
 43404 | Bazaar   | Found Beyg's Book Boutique.
 43531 | Bazaar   | Found Varepror's Antique Armour Shop.
 43545 | Bazaar   | Found Vawomat's Weapon Boutique.
 43559 | Bazaar   | Found Cioneimo's Distillery.
 43573 | Bazaar   | Found Saoginwy's Distillery.
 43587 | Bazaar   | Found Unli's General Store.
 43622 | Bazaar   | Bought a scroll of enchant armour for 67 gold pieces
 43622 | Bazaar   | Bought a scroll of fog for 36 gold pieces
 43622 | Bazaar   | Bought a scroll of fear for 36 gold pieces
 43622 | Bazaar   | Bought a scroll of fog for 36 gold pieces
 43636 | Bazaar   | Bought a potion of mutation for 80 gold pieces
 43636 | Bazaar   | Bought a potion of might for 40 gold pieces
 43636 | Bazaar   | Bought a potion of berserk rage for 50 gold pieces
 43650 | Bazaar   | Bought a potion of berserk rage for 50 gold pieces
 43650 | Bazaar   | Bought a potion of haste for 100 gold pieces
 43650 | Bazaar   | Bought a potion of invisibility for 80 gold pieces
 43722 | Bazaar   | Bought a potion of cancellation for 80 gold pieces
 45333 | Vaults:2 | Paralysed by a sphinx for 4 turns
 45433 | Vaults:2 | Identified the +1 scale mail "Feqicrakhle" {Regen+ rCorr
                  | Str+4 Int-2} (Okawaru gifted it to you on level 2 of the
                  | Vaults)
 45433 | Vaults:2 | Received a gift from Okawaru
 45625 | Vaults:2 | Identified the +11 mace of Foolhardiness {spect, rElec
                  | Stlth+}
 46165 | Vaults:2 | Found a staircase to the Crypt.
 46251 | Vaults:2 | Reached skill level 10 in Throwing
 47567 | Vaults:3 | Reached XP level 21. HP: 208/212 MP: 26/26
 47656 | Vaults:3 | Found Wopingoi's Jewellery Boutique.
 47798 | Vaults:3 | Reached skill level 15 in Stealth
 47801 | Vaults:3 | Identified the ring of the Blind Eye {rElec Str+5 Int-4
                  | Slay+4}
 48199 | Lair:3   | Received a gift from Okawaru
 48210 | Lair:3   | Killed Atelerd's ghost
 48961 | Vaults:3 | Found a runed translucent door.
 48961 | Vaults:3 | Found the +7 sceptre of Torment {pain, torment}
 48961 | Vaults:3 | Noticed Sianeop's ghost (adept GrFi)
 48993 | Vaults:3 | Killed Sianeop's ghost
 49715 | Vaults:4 | Identified the +4 demon trident "Omiv" {drain, rN+ Str+4}
                  | (Okawaru gifted it to you on level 4 of the Vaults)
 49715 | Vaults:4 | Received a gift from Okawaru
 50721 | Vaults:4 | Received a gift from Okawaru
 51019 | Vaults:4 | Received a gift from Okawaru
 51225 | Vaults:4 | Noticed Sojobo
 51248 | Vaults:4 | Killed Sojobo
 51756 | Elf:1    | Entered Level 1 of the Elven Halls
 51847 | Elf:1    | Paralysed by an air elemental for 1 turns
 52145 | Elf:1    | Reached XP level 22. HP: 221/224 MP: 27/27
 52735 | Elf:2    | Identified the +1 halberd of the End {vamp, rPois Int+2}
                  | (Okawaru gifted it to you on level 2 of the Elven Halls)
 52735 | Elf:2    | Received a gift from Okawaru
 52738 | Elf:2    | Reached skill level 15 in Shields
 53060 | Elf:2    | Found Luhusogi's Neck Hole.
 53132 | Elf:2    | Identified the +0 ring mail of Lucidity {rC+}
 53137 | Elf:2    | Found Aciukyun's Distillery.
 53186 | Elf:2    | Found a runed translucent gate.
 53187 | Elf:2    | Found a runed translucent gate.
 53191 | Elf:2    | Found a runed translucent gate.
 53960 | Elf:3    | Entered Level 3 of the Elven Halls
 53977 | Elf:3    | Found a magical portal.
 53986 | WizLab   | Entered Cigotuvi's Fleshworks
 54035 | WizLab   | Gained mutation: You are clumsy. (Dex -2) [mutagenic glow]
 54042 | WizLab   | Gained mutation: You occasionally lose the ability to drink
                  | potions when taking damage. [mutagenic glow]
 54063 | WizLab   | Gained mutation: You sometimes lose the ability to drink
                  | potions when taking damage. [mutagenic glow]
 54070 | WizLab   | Gained mutation: You possess an exceptional clarity of
                  | mind. [mutagenic glow]
 54236 | WizLab   | Got Kuethreerph's Reference Book on Transformation
 54238 | WizLab   | Got Cigotuvi's Folio of Doomed Reconstruction
 54257 | WizLab   | Received a gift from Okawaru
 54508 | WizLab   | Paralysed by a floating eye for 4 turns
 54548 | WizLab   | Identified the amulet "Omuczamn" {rC+ Regen+ MP+9}
 54597 | WizLab   | Paralysed by a floating eye for 4 turns
 54682 | WizLab   | Identified the +1 ring mail of Responsibility {rElec Str+2
                  | Int+2} (Okawaru gifted it to you in a wizard's laboratory)
 54682 | WizLab   | Received a gift from Okawaru
 54916 | Elf:3    | Found Cyhogeu's Assorted Antiques.
 55445 | Elf:3    | Reached XP level 23. HP: 190/235 MP: 28/28
 55652 | Elf:3    | Identified the amulet of Limitation {Contam Harm Regen+
                  | Str+3}
 56605 | Elf:3    | Identified the +1 shortbow of Buemm {elec, rPois rC+ Str-5}
 56686 | Elf:3    | Identified the +3 falchion of Wouneher {drain, rElec rF+
                  | rCorr Int+6}
 56820 | Elf:3    | Identified the +1 scimitar of Punishment {freeze, Str+5}
 57293 | Vaults:5 | Entered Level 5 of the Vaults
 57305 | Vaults:5 | Received a gift from Okawaru
 57526 | Vaults:4 | Killed from afar by a deep elf death mage

Illustrated notes

Levels and vault maps discovered:
D:1:      dpeg_arrival_line_fractal, layout_basic, chequers_avenue,
          minmay_misc_feat_columns, hangedman_decor_push,
          hangedman_abyss_or_decor_stabs
D:2:      layout_basic, roderic_serpentine_path
D:3:      layout_loops_corners, gammafunk_ghost_stat_death,
          kennysheep_generic_room_15
D:4:      layout_basic, portal_sewer_entry_e, dk_rats_in_the_wall
D:5:      layout_basic, serial_shops, shop, uniq_prince_ribbit1
D:6:      layout_basic, dancing_weapons_uskayaw, lemuel_tele_altar,
          mainiacjoe_overflow_big_doors, temple_pool_b, minmay_puff
D:7:      minmay_angry_zag, layout_loops_ring, ebering_ghost_reflecting_pool,
          serial_bayou_ford_a
D:8:      layout_loops_ring, mainiacjoe_overflow_paths, tso_metal_star,
          mainiacjoe_overflow_boulevard, grunt_temple_overflow_open,
          serial_shops, shop
D:9:      minmay_the_grid_octo_2x2 [minmay_the_grid_octo_toaster,
          minmay_the_grid_octo_concentric, minmay_the_grid_octo_odd_swirl,
          minmay_the_grid_octo_prize_square_snowflake], layout_basic,
          lemuel_zombie_altar_yredelemnul, enter_bailey_5, st_stairs_9,
          uniq_maggie
D:10:     layout_loops_ring, dpeg_lair_monsters, david_orc_2, serial_shops,
          nicolae_lakefront_shop, shop, shop, kennysheep_little_box,
          uniq_erolcha
D:11:     wander_kiku_kobolds, layout_stronghold
D:12:     layout_roguey, special_room [special_room_orc], minmay_misc_feat_rows,
          dreamdust_deal_with_the_devil
D:13:     layout_layer_cave, nicolae_trove_entry_free_sample
D:14:     layout_loops_ring, david_vaults_1, nicolae_water_bricks, zin_angel
D:15:     hangedman_depths_entry_try_elsewhere_first, layout_cave_pods,
          nicolae_ru_sacrificial_ziggurat, serial_shops, shop
Temple:   minmay_temple_forest_path
Lair:1:   layout_cave_pods
Lair:2:   layout_big_grid, minmay_shoals_entry_lonely_mermaid, uniq_amaemon
Lair:3:   layout_misc_corridors, guppyfry_snake_entry_garden,
          portal_ice_cave_demonic_guard, basic_altar, gammafunk_ghost_split
Lair:4:   layout_small_grid, minmay_slime_entry_eyes,
          ebering_ghost_disaster_area
Lair:5:   minmay_lair_end_enchanted_forest, layout_gridlike,
          columned_hall_lemuel, disabler_island
Shoals:1: layout_shoals, uniq_nikola
Shoals:2: layout_shoals, nicolae_shoals_stone_sculpture_thing,
          nicolae_shop_gadgets
Shoals:3: layout_shoals
Shoals:4: shoals_end_hellmonk_storm_palace [storm_palace_center_ruins,
          storm_palace_corner_narrow, storm_palace_corner_altar,
          storm_palace_corner_blocked, storm_palace_corner_reverse_hut],
          uniq_mlioglotl
Snake:1:  layout_chambers, st_stairs_6, nicolae_triple_integral
Snake:2:  layout_concentric_octagons, drop_trap, st_stairs_13,
          corexii_hall_statues_s, grunt_ministairs_13, grunt_megastairs_5
Snake:3:  layout_onion, basic_altar, serial_shops, bzr_entry_customers,
          st_stairs_11, nicolae_snake_slithery_hallway, minmay_shop_grove,
          uniq_vashnia
Snake:4:  johnstein_snake_rune_scales, layout_layer_cave, minmay_shop_star
Orc:1:    layout_caves
Orc:2:    st_orc_ogre_mass, layout_caves, serial_shops, shop, uniq_urug,
          uniq_donald, uniq_jorgrun
Elf:1:    eino_elf_arrival_shootout, layout_gridlike, minmay_elf_demonology
Elf:2:    elven_hall_of_blades_hangedman_original
          [nicolae_blade_entry_sentries_behind_glass], layout_onion_city,
          serial_shops, shop, nicolae_shop_sticking_my_neck_out
Elf:3:    minmay_elf_hall_furrowed, layout_onion_city, mu_enter_wizlab_3,
          serial_shops, nicolae_shop_tiny_glass
Vaults:1: nicolae_vaults_security_offices_2, nicolae_vaults_rhombus_5,
          nicolae_vaults_yaktaur_gun_rack, nicolae_vaults_mitosis,
          nicolae_vaults_diamond_1, grunt_vaults_hallway_long,
          nicolae_vaults_closet_pinwheel_6, hangedman_vaults_pinch,
          hangedman_vaults_stream, nicolae_vaults_little_squares_3,
          ontoclasm_vaults_gateway, dpeg_vaults_monster_box,
          layout_vaults_omnicross, serial_shops, bzr_entry_safe
Vaults:2: minmay_crypt_entry_vampire_xt, st_octagons_2,
          nicolae_vaults_storage_room_glass, v_pattern_5, v_misc_1,
          hangedman_vaults_trim, nicolae_vaults_shelves_hall,
          vaults_dpeg_encased_lava, nicolae_vaults_three_branches,
          nicolae_vaults_circle_grid_a, hangedman_vaults_capsules,
          nicolae_vaults_two_Ls, grunt_vaults_hallway_short, layout_vaults_ring
Vaults:3: gammafunk_ghost_grave, v_misc_9, v_misc_22, v_misc_15,
          nicolae_vaults_turnstiles, hangedman_vaults_stitches, v_alt_pattern_2,
          v_misc_19, nicolae_vaults_little_squares_5,
          nicolae_vaults_tetromino_T_1, layout_vaults_chaotic_city,
          serial_shops, nicolae_shop_crystal
Vaults:4: ontoclasm_vaults_ring_small, st_more_cells,
          hangedman_vaults_stretched_pinwheel, nicolae_vaults_cornered_office,
          v_misc_28, vaults_mumra_hexcomb, vaults_dpeg_doors,
          nicolae_vaults_house_3, nicolae_vaults_offset_grid_hallway_4,
          nicolae_vaults_ellipses_ellipsis, nicolae_vaults_triangles,
          hangedman_vaults_slice, layout_vaults_omnibox, uniq_sojobo
Vaults:5: serial_shops, uniq_frederick

Skill      XL: |  1  2  3  4  5  6  7  8  9 10 11 12 13 14 15 16 17 18 19 20 21 22 23 |
---------------+----------------------------------------------------------------------+-----
Shields        | 3 4 5 6 7 8 9 10 11 12 13 14 15 | 15.0
Armour         | 3 4 5 6 7 8 9 10 11 12 13 | 13.0
Polearms       | 3 4 5 6 8 10 11 12 13 14 15 16 17 18 19 | 19.9
Fighting       | 4 5 6 7 8 9 11 13 14 15 16 17 18 19 20 | 20.2
Stealth        | 1 8 11 12 13 14 16 19 20 | 20.1
Dodging        | 1 2 4 5 6 7 8 9 10 11 12 | 12.0
Invocations    | 1 5 7 |  7.0
Throwing       | 2 5 7 8 9 10 11 12 13 | 13.3

Action                     |  1- 3 |  4- 6 |  7- 9 | 10-12 | 13-15 | 16-18 | 19-21 | 22-24 || total
---------------------------+-------+-------+-------+-------+-------+-------+-------+-------++-------
  Melee: Trident           |    86 |   115 |   325 |       |       |       |       |       ||   526
         Spear             |       |       |   208 |   382 |       |       |       |       ||   590
         Lance             |       |       |       |   566 |  1613 |  1935 |  1792 |   658 ||  6564
         Constrict         |       |       |       |       |   251 |   236 |   256 |   115 ||   858
  Throw: Stone             |       |       |    20 |     3 |       |       |       |       ||    23
         Dart              |       |       |     2 |     3 |       |       |       |       ||     5
         Javelin           |       |       |       |     1 |       |       |       |     6 ||     7
         Boomerang         |       |       |       |       |    59 |   160 |   444 |    82 ||   745
 Invoke: Heroism           |       |       |       |       |     8 |    13 |     8 |     6 ||    35
         Finesse           |       |       |       |       |       |     7 |     3 |     4 ||    14
Ability: Spit Poison       |    21 |    15 |    19 |     6 |       |       |     1 |       ||    62
  Evoke: Wand              |       |       |       |       |       |       |       |     1 ||     1
    Use: Potion            |       |     3 |       |     3 |       |     3 |       |     3 ||    12
         Scroll            |       |     2 |     8 |    13 |     9 |     3 |     7 |     3 ||    45
   Stab: Distracted        |       |       |       |       |     1 |     4 |     3 |     5 ||    13
         Petrified         |       |       |       |       |     9 |       |       |       ||     9
         Petrifying        |       |       |       |       |     1 |       |       |       ||     1
         Sleeping          |       |       |       |       |       |    10 |    24 |    27 ||    61
         Invisible         |       |       |       |       |       |       |       |    10 ||    10
 Armour: Scale mail        |    34 |    58 |   184 |       |       |       |       |       ||   276
         Chain mail        |       |       |   163 |   230 |   427 |   500 |   409 |   208 ||  1937
  Dodge: Dodged            |    19 |    53 |   207 |   265 |   378 |   552 |   365 |   123 ||  1962
  Block: Buckler           |    22 |    28 |   122 |   147 |    27 |       |       |       ||   346
         Kite shield       |       |       |       |       |   522 |   754 |   175 |       ||  1451
         Tower shield      |       |       |       |       |       |       |   753 |   369 ||  1122
         Reflection        |       |       |       |       |       |       |       |     4 ||     4
